BLB
DALLAS DRILLERS @ LOS ANGELES DINOS
09/03/2059
 
TOP OF THE 1ST
Dallas Drillers batting - Pitching for Los Angeles Dinos : RHP Jessie Strong
Pitching: RHP Jessie Strong
Batting: RHB Aubrey Albano 0-0: Ground out 6-3 (Groundball, 6, EV 98.1 MPH)
Batting: LHB Raymond Crisp 0-0: Ball
1-0: Ball
2-0: SINGLE (Line Drive, 78M, EV 108.1 MPH)
Batting: RHB Julian Irwin 0-0: Ball
1-0: Called Strike
1-1: Fly out, F7 (Flyball, 7LD, EV 98.8 MPH)
Batting: LHB Ed Baker 0-0: Foul Ball, location: 2F
0-1: Ball
1-1: Called Strike
1-2: Foul Ball, location: 2F
1-2: Fly out, F8 (Flyball, 89D, EV 103.1 MPH)
Top of the 1st over - 0 runs, 1 hit, 0 errors, 1 left on base; Dallas 0 - Los Angeles 0
BOTTOM OF THE 1ST
Los Angeles Dinos batting - Pitching for Dallas Drillers : LHP Edgar Kozlowski
Pitching: LHP Edgar Kozlowski
Batting: RHB Cody Turner 0-0: Ball
1-0: Ball
2-0: Ground out 6-3 (Groundball, 6D, EV 104.4 MPH)
Batting: LHB Tris Chikumbu 0-0: Ball
1-0: Ball
2-0: Called Strike
2-1: DOUBLE (Line Drive, 78D, EV 101.2 MPH)
Batting: RHB Andy Dillon 0-0: Ball
1-0: Foul Ball, location: 2F
1-1: Foul Ball, location: 2F
1-2: Ball
2-2: Foul Ball, location: 2F
2-2: Ball
3-2: Ground out 5-3 (Groundball, 56S, EV 77.5 MPH)
Batting: LHB Sage Emerson 0-0: Ball
1-0: Foul Ball, location: 2F
1-1: Fly out, F6 (Popup, 6M, EV 53.8 MPH)
Bottom of the 1st over - 0 runs, 1 hit, 0 errors, 1 left on base; Dallas 0 - Los Angeles 0
TOP OF THE 2ND
Dallas Drillers batting - Pitching for Los Angeles Dinos : RHP Jessie Strong
Batting: RHB Latif Won 0-0: Called Strike
0-1: Called Strike
0-2: Foul Ball, location: 2F
0-2: Ball
1-2: Ball
2-2: Foul Ball, location: 2F
2-2: Ground out 6-3 (Groundball, 6MS, EV 83.1 MPH)
Batting: RHB Jehvon Curry 0-0: Foul Ball, location: 2F
0-1: Foul Ball, location: 2F
0-2: Strikes out swinging
Batting: LHB Lukas Hart 0-0: SINGLE (Flyball, 34D, EV 90.0 MPH)
Batting: SHB Cooper Heizer 0-0: Called Strike
0-1: SINGLE (Flyball, 7S, EV 81.9 MPH)
Lukas Hart to second
Batting: LHB Adrien Burshteyn 0-0: Ball
1-0: Called Strike
1-1: Swinging Strike
1-2: Foul Ball, location: 2F
1-2: Ball
2-2: Foul Ball, location: 2F
2-2: Strikes out looking
Top of the 2nd over - 0 runs, 2 hits, 0 errors, 2 left on base; Dallas 0 - Los Angeles 0
BOTTOM OF THE 2ND
Los Angeles Dinos batting - Pitching for Dallas Drillers : LHP Edgar Kozlowski
Batting: RHB Jahmel Ortiz 0-0: Foul Ball, location: 2F
0-1: Ball
1-1: Swinging Strike
1-2: Foul Ball, location: 2F
1-2: Foul Ball, location: 2F
1-2: Foul Ball, location: 2F
1-2: Ball
2-2: Strikes out swinging
Batting: RHB Derick Murphy 0-0: Ball
1-0: Called Strike
1-1: Ground out 6-3 (Groundball, 6, EV 88.1 MPH)
Batting: LHB Marco Husted 0-0: Ball
1-0: Ball
2-0: Called Strike
2-1: Ball
3-1: Foul Ball, location: 2F
3-2: SINGLE (Line Drive, 8RS, EV 88.1 MPH)
Batting: RHB Mason Dvorak 0-0: Foul Ball, location: 2F
0-1: Ball
1-1: Ball
2-1: Called Strike
2-2: Ball
3-2: Base on Balls
Marco Husted to second
Batting: RHB Corby Maish 0-0: Ball
1-0: Ball
2-0: SINGLE (Line Drive, 56D, EV 96.2 MPH)
Marco Husted to third
Mason Dvorak to second
Runner from 3rd tries for Home, SAFE, throw by LF to home
Batting: RHB Cody Turner 0-0: Called Strike
0-1: Ball
1-1: Swinging Strike
1-2: SINGLE (Groundball, 6MD, EV 110.6 MPH)
Mason Dvorak to third
Corby Maish to second
Batting: LHB Tris Chikumbu 0-0: Called Strike
0-1: Swinging Strike
0-2: Foul Ball, location: 2F
0-2: Ball
1-2: Foul Ball, location: 2F
1-2: Foul Ball, location: 2F
1-2: SINGLE (Line Drive, 7S, EV 99.4 MPH)
Mason Dvorak scores
Corby Maish to third
Cody Turner to second
Batting: RHB Andy Dillon 0-0: Foul Ball, location: 2F
0-1: Swinging Strike
0-2: Foul Ball, location: 2F
0-2: Ball
1-2: Ground out 4-3 (Groundball, 4S, EV 83.8 MPH)
Bottom of the 2nd over - 2 runs, 4 hits, 0 errors, 3 left on base; Dallas 0 - Los Angeles 2
TOP OF THE 3RD
Dallas Drillers batting - Pitching for Los Angeles Dinos : RHP Jessie Strong
Batting: RHB Aubrey Albano 0-0: Reached on error, E3 (Groundball, 34S, EV 62.5 MPH)
Batting: LHB Raymond Crisp 0-0: Ball
1-0: Ball
2-0: Called Strike
2-1: Foul Ball, location: 2F
2-2: Strikes out swinging
Batting: RHB Julian Irwin 0-0: Foul Ball, location: 2F
0-1: Ball
1-1: Swinging Strike
1-2: DOUBLE (Line Drive, 8RXD, EV 106.2 MPH)
Aubrey Albano scores
Batting: LHB Ed Baker 0-0: Ball
1-0: Ball
Julian Irwin steals 3rd base
2-0: Called Strike
2-1: Fly out, F8 (Line Drive, 8LD, EV 91.9 MPH)
Runner from 3rd tags up, SCORES, throw by CF
Batting: RHB Latif Won 0-0: Ball
1-0: Foul Ball, location: 2F
1-1: Ball
2-1: Foul Ball, location: 2F
2-2: Strikes out swinging
Top of the 3rd over - 2 runs, 1 hit, 1 error, 0 left on base; Dallas 2 - Los Angeles 2
BOTTOM OF THE 3RD
Los Angeles Dinos batting - Pitching for Dallas Drillers : LHP Edgar Kozlowski
Batting: LHB Sage Emerson 0-0: Foul Ball, location: 2F
0-1: Foul Ball, location: 2F
0-2: Strikes out looking
Batting: RHB Jahmel Ortiz 0-0: Ball
1-0: Ball
2-0: Ground out 5-3 (Groundball, 56S, EV 69.4 MPH)
Batting: RHB Derick Murphy 0-0: Fly out, F9 (Flyball, 9LS, EV 85.0 MPH)
Bottom of the 3rd over - 0 runs, 0 hits, 0 errors, 0 left on base; Dallas 2 - Los Angeles 2
TOP OF THE 4TH
Dallas Drillers batting - Pitching for Los Angeles Dinos : RHP Jessie Strong
Batting: RHB Jehvon Curry 0-0: Ball
1-0: Called Strike
1-1: Foul Ball, location: 2F
1-2: Ball
2-2: Fly out, F8 (Line Drive, 8RM, EV 91.2 MPH)
Batting: LHB Lukas Hart 0-0: Called Strike
0-1: Foul Ball, location: 2F
0-2: Ball
1-2: Fly out, F7 (Flyball, 7S, EV 88.1 MPH)
Batting: SHB Cooper Heizer 0-0: Foul Ball, location: 2F
0-1: SINGLE (Groundball, 56D, EV 103.1 MPH)
Batting: LHB Adrien Burshteyn 0-0: Ball
Cooper Heizer steals 2nd base
1-0: Ball
2-0: Called Strike
2-1: Called Strike
2-2: Strikes out swinging
Top of the 4th over - 0 runs, 1 hit, 0 errors, 1 left on base; Dallas 2 - Los Angeles 2
BOTTOM OF THE 4TH
Los Angeles Dinos batting - Pitching for Dallas Drillers : LHP Edgar Kozlowski
Batting: LHB Marco Husted 0-0: Called Strike
0-1: Ball
1-1: Foul Ball, location: 2F
1-2: Strikes out swinging
Batting: RHB Mason Dvorak 0-0: Ball
1-0: Ball
2-0: Called Strike
2-1: Ball
3-1: DOUBLE (Flyball, 78D, EV 110.6 MPH)
Batting: RHB Corby Maish 0-0: Called Strike
0-1: Called Strike
0-2: Strikes out swinging
Batting: RHB Cody Turner 0-0: Ball
1-0: Called Strike
1-1: Ball
2-1: Foul Ball, location: 2F
2-2: Ball
3-2: SINGLE (Line Drive, 56, EV 105.6 MPH)
Mason Dvorak to third
Batting: LHB Tris Chikumbu 0-0: Called Strike
0-1: Foul Ball, location: 2F
0-2: Fly out, F3 (Popup, 23F, EV 85.6 MPH)
Bottom of the 4th over - 0 runs, 2 hits, 0 errors, 2 left on base; Dallas 2 - Los Angeles 2
TOP OF THE 5TH
Dallas Drillers batting - Pitching for Los Angeles Dinos : RHP Jessie Strong
Batting: RHB Aubrey Albano 0-0: Fly out, F7 (Flyball, 78D, EV 88.8 MPH)
Batting: LHB Raymond Crisp 0-0: Foul Ball, location: 2F
0-1: Ball
1-1: Foul Ball, location: 2F
1-2: Ball
2-2: SINGLE (Groundball, 4MS, EV 75.6 MPH) (infield hit)
Batting: RHB Julian Irwin 0-0: DOUBLE (Line Drive, 9LS, EV 101.9 MPH)
Raymond Crisp to third
Batting: LHB Ed Baker 0-0: Ball
1-0: Ball
2-0: Swinging Strike
2-1: Swinging Strike
2-2: Foul Ball, location: 2F
2-2: Foul Ball, location: 2F
2-2: Ball
3-2: Base on Balls
Pitching: RHP Steven Frack
Batting: RHB Latif Won 0-0: SINGLE (Line Drive, 56D, EV 101.2 MPH)
Raymond Crisp scores
Julian Irwin to third
Ed Baker to second
Runner from 3rd tries for Home, SAFE, throw by LF to home
Batting: RHB Jehvon Curry 0-0: Ball
1-0: Swinging Strike
1-1: Fly out, F7 (Line Drive, 7, EV 101.9 MPH)
Batting: LHB Lukas Hart 0-0: Foul Ball, location: 2F
0-1: Ball
1-1: Swinging Strike
1-2: Strikes out looking
Top of the 5th over - 2 runs, 3 hits, 0 errors, 2 left on base; Dallas 4 - Los Angeles 2
BOTTOM OF THE 5TH
Los Angeles Dinos batting - Pitching for Dallas Drillers : LHP Edgar Kozlowski
Batting: RHB Andy Dillon 0-0: Foul Ball, location: 2F
0-1: Ball
1-1: Ball
2-1: Ball
3-1: Base on Balls
Batting: LHB Sage Emerson 0-0: Ball
1-0: Swinging Strike
1-1: Called Strike
1-2: Strikes out swinging
Batting: RHB Jahmel Ortiz 0-0: Ball
1-0: Foul Ball, location: 2F
1-1: Ball
2-1: Foul Ball, location: 2F
2-2: Strikes out swinging
Pitching: RHP Henry Kemp
Batting: RHB Derick Murphy 0-0: Called Strike
0-1: Called Strike
0-2: Ball
1-2: Fly out, F9 (Flyball, 9D, EV 92.5 MPH)
Bottom of the 5th over - 0 runs, 0 hits, 0 errors, 1 left on base; Dallas 4 - Los Angeles 2
TOP OF THE 6TH
Dallas Drillers batting - Pitching for Los Angeles Dinos : RHP Steven Frack
Batting: SHB Cooper Heizer 0-0: Ball
1-0: Foul Ball, location: 2F
1-1: Called Strike
1-2: Foul Ball, location: 2F
1-2: Foul Ball, location: 2F
1-2: Ball
2-2: Ball
3-2: Strikes out swinging
Batting: LHB Adrien Burshteyn 0-0: Foul Ball, location: 2F
0-1: Ball
1-1: Called Strike
1-2: Foul Ball, location: 2F
1-2: Ball
2-2: Strikes out swinging
Batting: RHB Aubrey Albano 0-0: Fly out, F8 (Flyball, 89M, EV 88.1 MPH)
Top of the 6th over - 0 runs, 0 hits, 0 errors, 0 left on base; Dallas 4 - Los Angeles 2
BOTTOM OF THE 6TH
Los Angeles Dinos batting - Pitching for Dallas Drillers : RHP Henry Kemp
Batting: LHB Marco Husted 0-0: Called Strike
0-1: SINGLE (Groundball, 56D, EV 106.9 MPH)
Batting: RHB Mason Dvorak 0-0: Bunted foul
0-1: Bunted foul
0-2: SINGLE (Groundball, 6D, EV 95.6 MPH)
Marco Husted to second
Batting: RHB Corby Maish 0-0: Ball
1-0: Sac Bunt to 2L - play at first, batter OUT! 2-4
Marco Husted to third
Mason Dvorak to second
Batting: RHB Cody Turner 0-0: Foul Ball, location: 2F
0-1: Ball
1-1: Fly out, F4 (Popup, 4M, EV 58.1 MPH)
Batting: LHB Tris Chikumbu 0-0: Ball
1-0: Fly out, F7 (Flyball, 7S, EV 86.9 MPH)
Bottom of the 6th over - 0 runs, 2 hits, 0 errors, 2 left on base; Dallas 4 - Los Angeles 2
TOP OF THE 7TH
Dallas Drillers batting - Pitching for Los Angeles Dinos : RHP Steven Frack
Batting: LHB Raymond Crisp 0-0: Ball
1-0: Called Strike
1-1: Ball
2-1: SINGLE (Groundball, 25, EV 66.9 MPH) (infield hit)
Batting: RHB Julian Irwin 0-0: Called Strike
0-1: Fly out, F7 (Flyball, 7D, EV 98.8 MPH)
Batting: LHB Ed Baker 0-0: Called Strike
0-1: Ball
1-1: Called Strike
1-2: Foul Ball, location: 2F
1-2: Strikes out swinging
Batting: RHB Latif Won 0-0: Called Strike
Raymond Crisp steals 2nd base (no throw)
0-1: Ball
1-1: Ball
2-1: Ball
3-1: Foul Ball, location: 2F
3-2: Foul Ball, location: 2F
3-2: Base on Balls
Batting: RHB Jehvon Curry 0-0: Called Strike
0-1: Foul Ball, location: 2F
0-2: Strikes out swinging
Top of the 7th over - 0 runs, 1 hit, 0 errors, 2 left on base; Dallas 4 - Los Angeles 2
BOTTOM OF THE 7TH
Los Angeles Dinos batting - Pitching for Dallas Drillers : RHP Henry Kemp
Batting: RHB Andy Dillon 0-0: Called Strike
0-1: Foul Ball, location: 2F
0-2: Ball
1-2: Ground out 6-3 (Groundball, 6, EV 103.8 MPH)
Pitching: LHP Derek Bane
Batting: LHB Sage Emerson 0-0: Ball
1-0: Swinging Strike
1-1: Swinging Strike
1-2: Ball
2-2: Ball
3-2: Foul Ball, location: 2F
3-2: Strikes out swinging
Batting: RHB Jahmel Ortiz 0-0: Foul Ball, location: 2F
0-1: Swinging Strike
0-2: Strikes out swinging
Bottom of the 7th over - 0 runs, 0 hits, 0 errors, 0 left on base; Dallas 4 - Los Angeles 2
TOP OF THE 8TH
Dallas Drillers batting - Pitching for Los Angeles Dinos : RHP Steven Frack
Pitching: RHP Tod Steffen
Batting: LHB Lukas Hart 0-0: Ball
1-0: Swinging Strike
1-1: DOUBLE (Flyball, 89D, EV 114.4 MPH)
Batting: SHB Cooper Heizer 0-0: Ball
1-0: Foul Ball, location: 2F
1-1: Swinging Strike
1-2: SINGLE (Flyball, 4D, EV 84.4 MPH)
Lukas Hart to third
Batting: LHB Adrien Burshteyn 0-0: Called Strike
0-1: Called Strike
Cooper Heizer steals 2nd base
0-2: Strikes out looking
Batting: RHB Aubrey Albano 0-0: Foul Ball, location: 2F
0-1: Ball
1-1: Ball
2-1: Ground out 6-3 (Groundball, 6S, EV 70.6 MPH)
Batting: LHB Raymond Crisp 0-0: Called Strike
0-1: Called Strike
0-2: Ball
1-2: Foul Ball, location: 2F
1-2: SINGLE (Groundball, 4MD, EV 106.2 MPH)
Lukas Hart scores
Cooper Heizer to third
Runner from 3rd tries for Home, SAFE, throw by CF to home
Raymond Crisp to second
Batting: RHB Julian Irwin 0-0: Ball
1-0: Ball
2-0: Called Strike
2-1: Swinging Strike
2-2: Ball
3-2: Foul Ball, location: 2F
3-2: Foul Ball, location: 2F
3-2: Foul Ball, location: 2F
3-2: Foul Ball, location: 2F
3-2: Foul Ball, location: 2F
3-2: Foul Ball, location: 2F
3-2: Foul Ball, location: 2F
3-2: Foul Ball, location: 2F
3-2: Foul Ball, location: 2F
3-2: Hit by Pitch
Pitching: LHP Kobe Scott
Batting: LHB Ed Baker 0-0: Called Strike
0-1: Swinging Strike
0-2: Strikes out looking
Top of the 8th over - 2 runs, 3 hits, 0 errors, 2 left on base; Dallas 6 - Los Angeles 2
BOTTOM OF THE 8TH
Los Angeles Dinos batting - Pitching for Dallas Drillers : LHP Derek Bane
Batting: RHB Derick Murphy 0-0: SINGLE (Groundball, 6M, EV 100.0 MPH)
Batting: LHB Marco Husted 0-0: Foul Ball, location: 2F
0-1: Fly out, F7 (Flyball, 78M, EV 90.0 MPH)
Batting: RHB Mason Dvorak 0-0: Called Strike
0-1: Ball
1-1: Foul Ball, location: 2F
1-2: DOUBLE (Flyball, 8RXD, EV 101.2 MPH)
Derick Murphy to third
Pitching: RHP Cullen Lanzetta
Batting: RHB Corby Maish 0-0: Swinging Strike
0-1: Foul Ball, location: 2F
0-2: Strikes out swinging
Batting: RHB Cody Turner 0-0: Called Strike
0-1: Ball
1-1: Ball
2-1: Ball
3-1: Ground out 5-3 (Groundball, 56S, EV 86.2 MPH)
Bottom of the 8th over - 0 runs, 2 hits, 0 errors, 2 left on base; Dallas 6 - Los Angeles 2
TOP OF THE 9TH
Dallas Drillers batting - Pitching for Los Angeles Dinos : LHP Kobe Scott
Batting: RHB Latif Won 0-0: Ball
1-0: Ball
2-0: Ball
3-0: Swinging Strike
3-1: Fly out, F7 (Flyball, 78M, EV 85.6 MPH)
Batting: RHB Jehvon Curry 0-0: Foul Ball, location: 2F
0-1: Ball
1-1: Called Strike
1-2: Foul Ball, location: 2F
1-2: SINGLE (Groundball, 56D, EV 107.5 MPH)
Batting: LHB Lukas Hart 0-0: Ball
1-0: Ball
2-0: Called Strike
2-1: Ball
3-1: Foul Ball, location: 2F
3-2: Foul Ball, location: 2F
3-2: Fly out, F5 (Popup, 56, EV 77.5 MPH)
Batting: SHB Cooper Heizer 0-0: SINGLE (Line Drive, 4D, EV 102.5 MPH)
Jehvon Curry to second
Batting: LHB Adrien Burshteyn 0-0: Ball
1-0: Called Strike
1-1: Swinging Strike
1-2: Ball
2-2: Foul Ball, location: 2F
2-2: Ball
3-2: Ground out 4-3 (Groundball, 4D, EV 100.6 MPH)
Top of the 9th over - 0 runs, 2 hits, 0 errors, 2 left on base; Dallas 6 - Los Angeles 2
BOTTOM OF THE 9TH
Los Angeles Dinos batting - Pitching for Dallas Drillers : RHP Cullen Lanzetta
Batting: LHB Tris Chikumbu 0-0: Swinging Strike
0-1: Called Strike
0-2: Foul Ball, location: 2F
0-2: Ball
1-2: Ball
2-2: Fly out, F9 (Flyball, 9LS, EV 91.2 MPH)
Batting: RHB Andy Dillon 0-0: Ball
1-0: Swinging Strike
1-1: Ball
2-1: SINGLE (Line Drive, 4MD, EV 99.4 MPH)
Batting: LHB Sage Emerson 0-0: Ball
1-0: Called Strike
1-1: Called Strike
1-2: SINGLE (Line Drive, 89S, EV 88.1 MPH)
Andy Dillon to second
Batting: RHB Jahmel Ortiz 0-0: Ball
1-0: Ball
2-0: Called Strike
2-1: Called Strike
2-2: Foul Ball, location: 2F
2-2: Strikes out swinging
Batting: RHB Derick Murphy 0-0: Ball
1-0: Ball
2-0: Swinging Strike
2-1: Ball
3-1: Swinging Strike
3-2: Strikes out swinging
Bottom of the 9th over - 0 runs, 2 hits, 0 errors, 2 left on base; Dallas 6 - Los Angeles 2
Friday, March 29th , 2024 - OOTP Baseball 23.10 Build 110